 Dungeon Sprint DCSS version 0.30.1-11-g7821555f0a (webtiles) character file.

Game seed: 1006119217072680146

126 Heoruswealwe the Spear-Bearer (level 4, -6/45 HPs)
             Began as a Minotaur Fighter on Dec 15, 2023.
             Was an Initiate of Gozag.
             Mangled by a wraith (9 damage)
             ... in the Dungeon (Sprint IX: "|||||||||||||||||||||||||||||").
             The game lasted 00:00:49 (116 turns).

Heoruswealwe the Spear-Bearer (Minotaur Fighter)     Turns: 116, Time: 00:00:49

Health: -6/45      AC:  7    Str: 22    XL:     4   Next: 84%
Magic:  3/3        EV:  9    Int:  5    God:    Gozag
Gold:   0          SH:  4    Dex: 10    Spells: 3/3 levels left

rFire   . . .        a - +0 trident
rCold   . . .        d - +0 buckler
rNeg    . . .        c - +0 scale mail
rPois   .            (helmet restricted)
rElec   .            (no cloak)
rCorr   .            (no gloves)
SInv    .            (no boots)
Will    .....        (no amulet) Stlth
                     (no ring)
HPRegen 0.27/turn    (no ring)
MPRegen 0.08/turn

%: no teleportation
@: slowed, very slow
A: horns 2, retaliatory headbutt
a: Renounce Religion, Potion Petition, Call Merchant, Bribe Branch


You were in the Dungeon.
You worshipped Gozag.
Gozag was noncommittal.
You visited 1 branch

Inventory:

Hand Weapons
 a - a +0 trident (weapon)
Armour
 c - a +0 scale mail (worn)
 d - a +0 buckler (worn)
Jewellery
 k - a +2 ring of protection
 l - a +3 ring of intelligence
Wands
 h - a wand of iceblast (10)
Scrolls
 j - 2 scrolls of blinking
Potions
 b - a potion of might
 e - 5 potions of curing
 f - 3 potions of heal wounds
 g - a potion of haste
 i - a potion of berserk rage


   Skills:
 + Level 6.8 Fighting
 * Level 8.5 Polearms
 + Level 6.8 Armour
 - Level 3.6 Shields


You had 3 spell levels left.
You didn't know any spells.
Your spell library was empty.

Dungeon Overview and Level Annotations

Branches:
Dungeon (1/1)

Altars:
Cheibriados
Dithmenos
Elyvilon
Fedhas
Gozag
Hepliaklqana
Kikubaaqudgha
Makhleb
Nemelex Xobeh
Okawaru
Qazlal
Ru
Sif Muna
Trog
Uskayaw
Vehumet
Wu Jian
Xom
Yredelemnul
Zin
The Shining One
Jiyva
Lugonu


Innate Abilities, Weirdness & Mutations

You have a pair of horns on your head.
You reflexively headbutt those who attack you in melee.


Message History

You hit the wraith but do no damage. The wraith hits you but does no damage.
You hit the wraith. Your headbutt misses the wraith.
The wraith is lightly damaged.
The wraith hits you. The wraith drains your vigour!
You feel yourself slow down.
You hit the wraith. Your headbutt misses the wraith.
The wraith is lightly damaged.
The wraith barely misses you. You furiously retaliate!
You headbutt the wraith. You barely miss the wraith.
The wraith is moderately damaged.
You block the wraith's attack. The wraith hits you but does no damage.
You hit the wraith but do no damage. Your headbutt misses the wraith.
The wraith is moderately damaged.
The wraith hits you but does no damage.
You hit the wraith but do no damage. You headbutt the wraith.
The wraith is moderately damaged.
The wraith hits you. The wraith drains your vigour!
You feel as though you will be slow longer.
You closely miss the wraith.
The wraith is moderately damaged.
The wraith hits you!
* * * LOW HITPOINT WARNING * * *
The wraith barely misses you.
You hit the wraith but do no damage.
The wraith is moderately damaged.
The wraith hits you but does no damage.
You completely miss the wraith. Your headbutt misses the wraith.
The wraith is moderately damaged.
The wraith hits you!
* * * LOW HITPOINT WARNING * * *
The wraith drains your vigour!
You feel as though you will be slow longer.
You puncture the wraith!
The wraith is heavily damaged.
The wraith closely misses you. You block the wraith's attack.
You closely miss the wraith. You headbutt the wraith.
The wraith is severely damaged.
The wraith hits you!
You die...
Your body crumbles into a pile of gold. ▓▓▓▓▓▓▓▓▓▓▓▓▓▓▓▓▓▓▓▓▓▓▓▓ _______'!?).[[[.@WWOyoY. ▓▓▓▓▓▓▓▓▓▓▓▓▓▓▓▓▓▓▓▓▓▓▓▓ $$ $ $$$$$$ $$$$$ $ $ $ $$$$$

You could see a two-headed ogre, a yak, a hornet, 2 wraiths and an orc warrior.

Vanquished Creatures
  2 hounds (D)
  A jelly (D)
  An iguana (D)
  A white imp (D)
  A ball python (D)
  2 giant cockroaches (D)
  A kobold (D)
  A frilled lizard (D)
10 creatures vanquished.

Notes
Turn   | Place    | Note
-------+----------+-------------------------------------------
     0 | D        | Heoruswealwe the Minotaur Fighter began the quest for the
                  | Orb.
     0 | D        | Reached XP level 1. HP: 19/19 MP: 0/0
     8 | D        | Reached skill level 3 in Polearms
    27 | D        | Noticed a jelly
    27 | D        | Noticed a hound
    27 | D        | Noticed a hound
    27 | D        | Noticed an iguana
    31 | D        | Killed a jelly
    32 | D        | Reached skill level 5 in Fighting
    32 | D        | Reached skill level 5 in Polearms
    32 | D        | Reached skill level 5 in Armour
    32 | D        | Reached XP level 2. HP: 21/29 MP: 1/1
    32 | D        | Reached XP level 3. HP: 26/36 MP: 2/2
    34 | D        | Reached skill level 6 in Polearms
    35 | D        | Reached skill level 7 in Polearms
    35 | D        | Reached XP level 4. HP: 30/45 MP: 3/3
    45 | D        | Reached skill level 8 in Polearms
    59 | D        | Found a snail-covered altar of Cheibriados.
    59 | D        | Found a shadowy altar of Dithmenos.
    59 | D        | Found a white marble altar of Elyvilon.
    59 | D        | Found a blossoming altar of Fedhas.
    59 | D        | Found an opulent altar of Gozag.
    60 | D        | Found a hazy altar of Hepliaklqana.
    61 | D        | Found a viscous altar of Jiyva.
    62 | D        | Found an ancient bone altar of Kikubaaqudgha.
    63 | D        | Found a corrupted altar of Lugonu.
    64 | D        | Found a burning altar of Makhleb.
    65 | D        | Found a sparkling altar of Nemelex Xobeh.
    66 | D        | Found an iron altar of Okawaru.
    67 | D        | Found a stormy altar of Qazlal.
    69 | D        | Became a worshipper of Gozag Ym Sagoz the Greedy
    71 | D        | Found a sacrificial altar of Ru.
    72 | D        | Found a shimmering blue altar of Sif Muna.
    73 | D        | Found a bloodstained altar of Trog.
    74 | D        | Found a hide-covered altar of Uskayaw.
    75 | D        | Found a radiant altar of Vehumet.
    76 | D        | Found an ornate altar of the Wu Jian Council.
    77 | D        | Found a shimmering altar of Xom.
    78 | D        | Found a basalt altar of Yredelemnul.
    79 | D        | Found a glowing silver altar of Zin.
    80 | D        | Found a glowing golden altar of the Shining One.
   104 | D        | Noticed a wraith
   104 | D        | Noticed a wraith
   104 | D        | Noticed a two-headed ogre
   104 | D        | Noticed a hornet
   104 | D        | Noticed an orc warrior
   104 | D        | Noticed a yak
   114 | D        | HP: 2/45 [wraith (7)]
   116 | D        | Mangled by a wraith

Illustrated notes

Levels and vault maps discovered:
D:        linesprint [early_d, line_temple, items_1, d_10, items_2, lair_1,
          lair_end, items_3, orc_1, orc_end, items_4, d_15, swamp_1, shoals_1,
          snake_1, spider_1, d_20, vaults_1, items_5, swamp_end, shoals_end,
          snake_end, spider_end, vaults_end, d_27, items_6, zot_1, zot_end,
          crypt_end, forest_end, elf_end, slime_end, tomb_end, abyss_end,
          pan_hell_end]

Skill      XL: |  1  2  3  4 |
---------------+-------------+-----
Polearms       | 5 7 8 |  8.5
Fighting       | 5 6 |  6.8
Armour         | 5 6 |  6.8
Shields        | |  3.6

Action                     |  1- 3 |  4- 6 || total
---------------------------+-------+-------++-------
  Melee: Trident           |    21 |    30 ||    51
         Headbutt          |     1 |     5 ||     6
 Armour: Scale mail        |     6 |     9 ||    15
  Dodge: Dodged            |    15 |     7 ||    22
  Block: Buckler           |     4 |     4 ||     8
